AoeStats
← ChubbyBunny

Arabia

510510617Analyzed
1v1 RM · 16h ago on Oct 1, 2026· 67m 52s· 2 players
Game mode
Random Map
Map size
Tiny (2 player)
Population
200
Speed
Normal
Resources
Standard
Victory
Conquest
Starting age
Dark Age
Ending age
Imperial Age
RankedLock teamsTeams togetherTeam positionsShared explorationLock speedFull tech treeHidden civsTurbo modeCheats
Victory
Defeat
🇫🇷 Franks · France
458
+19
🇷🇴 Ethiopians · Romania
533
-19
LastDay
11:26 Feudal Age
19:55 Castle Age
21:38 Double-Bit Axe
29:19 Bow Saw
29:09 Gold Mining
31:16 Scale Barding Armor
41:04 Imperial Age
40:43 Chain Barding Armor
43:35 Plate Barding Armor
42:22 Cavalier
45:14 Paladin
45:57 Chivalry
46:32 Forging
53:15 Onager
66:02 Heavy Scorpion
ChubbyBunny
6:53 Loom
11:24 Feudal Age
12:03 Double-Bit Axe
12:04 Horse Collar
15:54 Loom
17:47 Scale Barding Armor
18:41 Forging
24:46 Castle Age
25:11 Fletching
25:21 Padded Archer Armor
25:25 Gold Mining
26:19 Heavy Plow
26:29 Crossbowman
27:18 Bodkin Arrow
27:40 Leather Archer Armor
28:01 Iron Casting
27:26 Scale Mail Armor
28:26 Stone Mining
28:52 Husbandry
29:23 Squires
31:18 Chain Mail Armor
31:42 Wheelbarrow
31:19 Bow Saw
34:24 Stone Shaft Mining
34:27 Gold Shaft Mining
34:57 Chain Barding Armor
37:09 Thumb Ring
36:59 Town Watch
38:54 Hand Cart
42:06 Ballistics
46:43 Imperial Age
45:39 Man-at-Arms
46:08 Arson
46:38 Town Patrol
46:37 Murder Holes
46:53 Masonry
46:27 Light Cavalry
46:48 Elite Shotel Warrior
46:54 Capped Ram
47:11 Long Swordsman
47:12 Halberdier
47:55 Two-Handed Swordsman
49:55 Blast Furnace
51:17 Plate Mail Armor
52:44 Siege Ram
53:45 Siege Ram
54:01 Heavy Camel Rider
55:40 Conscription
55:43 Onager
57:17 Arbalester
58:00 Bracer
58:31 Ring Archer Armor
61:15 Two-Man Saw
63:00 Royal Heirs
Connection lost

Rejoining the realm…

Still unreachable

The connection could not be restored.

Session expired

The server has moved on; the page needs a fresh start.